 Dungeon Crawl Stone Soup version 0.31-a0-1009-g454b1f1e0a (webtiles) character file.

Game seed: 8929715909995876594

307566 Turgor the Metamorph (level 20, -6/180 HPs)
             Began as a Grey Draconian Shapeshifter on Nov 14, 2023.
             Was the Champion of Wu Jian.
             Hit by a stone thrown by a deep elf master archer (26 damage)
             ... on level 3 of the Elven Halls on Nov 16, 2023.
             The game lasted 05:03:26 (37087 turns).

Turgor the Metamorph (Grey Draconian Shapeshifter) Turns: 37087, Time: 05:03:27

Health: -6/180     AC: 24    Str: 25    XL:     20   Next: 33%
Magic:  18/42      EV: 18    Int: 16    God:    Wu Jian [******]
Gold:   1997       SH:  6    Dex: 13    Spells: 3/37 levels left

rFire   + +          .
                       - Unarmed
rCold   + + .        K - +1 buckler {rN+}
rNeg    + . .        (body armour unavailable)
rPois   +            i - +2 hat
rElec   .            Z - +2 cloak {rPois}
rCorr   .            P - +0 pair of gloves
SInv    .            t - +2 pair of boots of Indomitability {rF+ Will+ Stlth+}
Will    +++..        F - amulet "Opto" {RegenMP rC++ Regen+ Int+2 Dex-2}
Stlth   +++          a - +6 ring of strength
HPRegen 1.30/turn    Q - ring "Joub" {rF+ Will+ MP+9 Str+3 Stlth+}
MPRegen 0.68/turn

%: random rage (3%)
@: maw-form
A: devouring maw, AC +15, amphibious, unfitting armour, cold-blooded, antennae
1, stinger 1, berserk 1, weak 1
}: 2/15 runes: decaying, gossamer
a: Begin Untransformation, Renounce Religion, Wall Jump, Serpent's Lash,
Heavenly Storm


You were on level 3 of the Elven Halls.
You worshipped Wu Jian.
Wu Jian was exalted by your worship.
You were a creature with a mouth for a stomach.
You visited 7 branches of the dungeon, and saw 34 of its levels.
You also visited: Ossuary and Ice Cave.

You collected 4488 gold pieces.
You spent 2491 gold pieces at shops.

Inventory:

Missiles
 E - 4 silver javelins
 H - 28 poisoned darts (quivered)
Armour
 i - a +2 hat (worn)
 n - the +3 Mad Mage's Maulers {Infuse+∞ VampMP -Cast}
   (You bought it in a shop on level 3 of the Dungeon)

   Infuse+∞: It empowers its wearer's blows with all of their magic.
   VampMP:    Blows struck in melee replenish the wearer's magic.
   -Cast:     It prevents spellcasting.
 t - the +2 pair of boots of Indomitability (worn) {rF+ Will+ Stlth+}
   (You acquired it on level 3 of the Lair of Beasts)

   rF+:       It protects you from fire.
   Will+:     It increases your willpower.
   Stlth+:    It makes you more stealthy.
 K - a +1 buckler of positive energy (worn)
 P - a +0 pair of gloves (worn)
 Z - a +2 cloak of poison resistance (worn)
Jewellery
 a - a +6 ring of strength (left hand)
 m - a +4 ring of protection
 o - a ring of see invisible
 s - a ring of resist corrosion
 y - a +5 ring of evasion
 F - the amulet "Opto" (around neck) {RegenMP rC++ Regen+ Int+2 Dex-2}
   (You acquired it on level 3 of the Lair of Beasts)

   [amulet of magic regeneration]

   RegenMP:   It increases your rate of magic regeneration.
   Int+2:     It affects your intelligence (+2).
   Dex-2:     It affects your dexterity (-2).
   rC++:      It greatly protects you from cold.
   Regen+:    It increases your rate of health regeneration.
 Q - the ring "Joub" (right hand) {rF+ Will+ MP+9 Str+3 Stlth+}
   (You bought it in a shop on level 2 of the Orcish Mines)

   [ring of magical power]

   Str+3:     It affects your strength (+3).
   rF+:       It protects you from fire.
   Will+:     It increases your willpower.
   MP+9:      It affects your magic capacity (+9).
   Stlth+:    It makes you more stealthy.
Talismans
 w - a maw talisman (active)
Wands
 b - a wand of iceblast (40)
 B - a wand of mindburst (11)
 D - a wand of paralysis (22)
 L - a wand of flame (39)
 W - a wand of digging (22)
Scrolls
 d - 19 scrolls of identify
 e - a scroll of revelation
 g - 7 scrolls of fog
 h - 3 scrolls of teleportation
 k - 3 scrolls of silence
 l - 4 scrolls of poison
 p - 6 scrolls of fear
 u - a scroll of blinking
 v - 5 scrolls of immolation
 C - 7 scrolls of vulnerability
 I - 3 scrolls of enchant weapon
 R - 3 scrolls of amnesia
Potions
 c - 2 potions of attraction
 f - 5 potions of haste
 j - 5 potions of brilliance
 q - 3 potions of resistance
 r - 5 potions of might
 x - 9 potions of curing
 A - 4 potions of enlightenment
 G - 2 potions of magic
 N - 6 potions of heal wounds
 O - 3 potions of ambrosia
 V - 3 potions of cancellation
 X - a potion of invisibility
Miscellaneous
 J - a lightning rod (3/4)
 M - a phial of floods
 U - a box of beasts


   Skills:
 - Level 15.8 Fighting
 - Level 14.0 Dodging
 - Level 5.0 Shields
 - Level 15.1 Unarmed Combat
 - Level 9.0 Spellcasting
 * Level 10.7 Conjurations
 * Level 4.8 Transmutations
 * Level 4.8 Fire Magic
 * Level 11.1 Earth Magic
 - Level 9.0 Poison Magic
 + Level 18.2 Shapeshifting


You had 3 spell levels left.
You knew the following spells:

 Your Spells              Type           Power      Damage    Failure   Level
a - Apportation           Tloc           14%        N/A       12%         1
b - Blink                 Tloc           14%        N/A       19%         2
c - Petrify               Tmut/Erth      32%        N/A       4%          4
d - Ignite Poison         Fire/Tmut/Pois 27%        N/A       2%          3
l - Lehudib's Crystal Sp  Conj/Erth      21%        10d6      100%        8
m - Mephitic Cloud        Conj/Pois/Air  28%        N/A       2%          3
o - Olgreb's Toxic Radia  Pois           36%        N/A       3%          4
p - Passage of Golubria   Tloc           7%         N/A       75%         4
s - Sublimation of Blood  Necr           7%         N/A       19%         2
z - Stone Arrow           Conj/Erth      84%        3d12      1%          3

Your spell library contained the following spells:

 Spells                   Type           Power      Damage    Failure   Level
 Magic Dart               Conj           100%       1d8       1%          1
 Sting                    Tmut/Pois      100%       1d8       1%          1
 Passwall                 Tmut/Erth      26%        N/A       1%          2
 Poisonous Vapours        Pois/Air       42%        N/A       2%          2
 Scorch                   Fire           44%        2d6       2%          2
 Hailstorm                Conj/Ice       24%        3d7       4%          3
 Cigotuvi's Dreadful Rot  Necr/Pois/Air  32%        N/A       5%          2
 Freeze                   Ice            28%        1d5       12%         1
 Necrotise                Necr           28%        1d5       12%         1
 Summon Small Mammal      Summ           28%        N/A       12%         1
 Volatile Blastmotes      Fire/Tloc      28%        2d12      14%         3
 Call Imp                 Summ           14%        N/A       19%         2
 Ensorcelled Hibernation  Hex/Ice        14%        N/A       19%         2
 Jinxbite                 Hex            14%        N/A       19%         2
 Frozen Ramparts          Ice            14%        1d3       34%         3
 Gell's Gravitas          Tloc           7%         N/A       34%         3
 Swiftness                Air            7%         N/A       34%         3
 Teleport Other           Tloc           7%         N/A       34%         3
 Vampiric Draining        Necr           7%         2d6       34%         3
 Brom's Barrelling Bould  Conj/Erth      42%        2d6       1%          4
 Flame Wave               Conj/Fire      32%        2d9       4%          4
 Sticky Flame             Conj/Fire      32%        2d5       4%          4
 Iskenderun's Battlesphe  Conj           41%        2d9       4%          5
 Fulminant Prism          Conj/Hex       12%        3d8       13%         4
 Iskenderun's Mystic Bla  Conj/Tloc      24%        2d7       13%         4
 Fireball                 Conj/Fire      16%        3d8       14%         5
 Irradiate                Conj/Tmut      16%        3d17      14%         5
 Alistair's Intoxication  Tmut/Pois      19%        N/A       19%         5
 Arcjolt                  Conj/Air       12%        1d22      36%         5
 Eringya's Noxious Bog    Tmut/Pois      14%        4d6       71%         6
 Animate Dead             Necr           7%         N/A       75%         4
 Dispel Undead            Necr           7%         3d8       75%         4
 Manifold Assault         Tloc           7%         N/A       75%         4
 Vhi's Electric Charge    Tloc/Air       14%        N/A       75%         4
 Orb of Destruction       Conj           20%        9d8       77%         7
 Conjure Ball Lightning   Conj/Air       12%        3x3d6     90%         6
 Agony                    Necr           7%         N/A       97%         5
 Silence                  Hex/Air        3%         N/A       97%         5
 Summon Forest            Summ/Tloc      3%         N/A       97%         5
 Death Channel            Necr           3%         N/A       100%        6
 Dispersal                Tloc           3%         N/A       100%        6
 Plasma Beam              Fire/Air       7%         2x1d17    100%        6
 Summon Cactus Giant      Summ           3%         N/A       100%        6
 Haunt                    Necr/Summ      3%         N/A       100%        7
 Summon Hydra             Summ           3%         N/A       100%        7
 Ignition                 Fire           11%        3d5       100%        8
 Infestation              Necr           3%         N/A       100%        8
 Animate Armour           Summ/Erth      Unusable   N/A       N/A         4

Dungeon Overview and Level Annotations

Branches:
Dungeon (15/15)            Temple (1/1) D:6            Lair (5/5) D:10
  Swamp (4/4) Lair:3       Spider (4/4) Lair:3        Slime (0/5) Lair:4
    Orc (2/2) D:12            Elf (3/3) Orc:2        Vaults (0/5) D:13
 Depths (0/4) D:15        Ossuary (visited)           IceCv (visited)

Altars:
Ashenzari
Cheibriados
Dithmenos
Elyvilon
Fedhas
Gozag
Hepliaklqana
Kikubaaqudgha
Makhleb
Nemelex Xobeh
Okawaru
Qazlal
Ru
Sif Muna
Trog
Uskayaw
Vehumet
Wu Jian
Xom
Yredelemnul
Zin
The Shining One
Jiyva

Shops:
D:3 [[?[   D:4 ?   D:5 **   D:6 [[   D:7 =   D:15 !   Orc:2 :!=[   Elf:1 =
Elf:2 (

Annotations:
Elf:2 3 runed translucent doors, AceOff's ghost, journeyman DsSh


Innate Abilities, Weirdness & Mutations

You are a creature with a mouth for a stomach.
Your midsection houses a second, enormous mouth.
Your dull iron-grey scales are very hard. (AC +15)
You are amphibious.
You cannot fit into any form of body armour.
You are cold-blooded and may be slowed by cold attacks.
You have a pair of small antennae on your head.
Your tail ends in a venomous barb.
You sometimes lose your temper in combat.
You are weak. (Str -2)


Message History

You feel much better.
You closely miss the deep elf master archer.
The deep elf master archer is lightly wounded.
The deep elf master archer hits you but does no damage.
Unknown command.
You pummel the deep elf master archer!!
Your tail-slap misses the deep elf master archer.
Your bite misses the deep elf master archer.
The deep elf master archer is moderately wounded.
The deep elf master archer wields a +0 longbow.
The deep elf master archer shoots an arrow.
The arrow hits you!!
* * * LOW HITPOINT WARNING * * *
You closely miss the deep elf master archer.
You bite the deep elf master archer.
The deep elf master archer is moderately wounded.
Your toxic aura wanes.
The deep elf master archer throws a stone.
The stone hits you.
* * * LOW HITPOINT WARNING * * *
You punch the deep elf master archer!
Your bite misses the deep elf master archer.
The deep elf master archer is heavily wounded.
The deep elf master archer shoots an arrow.
The arrow barely misses you.
The deep elf master archer throws a stone.
You block the stone.
You pummel the deep elf master archer!!
The deep elf master archer is almost dead.
The deep elf master archer throws a stone.
The stone hits you!
* * * LOW HITPOINT WARNING * * *
Unknown command.
You hit the deep elf master archer but do no damage.
The deep elf master archer is almost dead.
The deep elf master archer shoots an arrow.
The arrow barely misses you.
The deep elf master archer throws a stone.
The stone hits you!!
You die...

#.# ##...##
**,,,,,,,,,, #.#
#.....# **,,,,,,,,,,,
#.# ##...##
*,,,,,,,,,,** #.#
##'#.## *,,,,,,,,***
#'####.#### *,,,,,,,**
....#.## **,,,.,,,*
....'## *,,...,,**
♣♣♣..# ######))...,,*
♣ ♣..##
#.We)))....,,** ♣
♣♣..#
#####)##)...)..,,,* ♣
♣..##
#...).#*.†.)...,,,**
♣♣♣..'##
#.#####*.....).,,,,***
....##.####.#
*#.§....,,,,,,**
....###'#.).###
*......,,,,,,,, #####
#)..)...#
*#.....⌠,,,,,,,
#######.......#
*.....,,,,,,,*
...[.)'.).....#
**,,,,,,,,,,,*


You could see a deep elf master archer.

Vanquished Creatures
  Norris (Elf:3)
  Arachne (Spider:4)
  Jorgrun (Swamp:4)
  Asterion (Spider:1)
  Mlioglotl (Swamp:1)
  2 deep elf master archers (Elf:3)
  A deep elf blademaster (Elf:3)
  2 thorn hunters (Swamp:4)
  The ghost of popps the Tortoise, an adept MiBe of Trog (Swamp:2)
  Donald (Spider:1)
  7 emperor scorpions
  9 deep elf sorcerers (Elf:3)
  A balrug (D:14)
  Louise (Spider:1)
  A deep elf elementalist (Elf:3)
  A ghoul (Swamp:3)
  5 ghost moths
  A cacodemon (D:14)
  2 stone giants
  3 broodmothers
  4 deep elf demonologists (Elf:3)
  7 eleionomae
  5 bunyips
  8 deep elf annihilators (Elf:3)
  Azrael (D:15)
  2 spark wasps (Spider:3)
  3 ettins (Orc:1)
  A blizzard demon (D:14)
  Snorg (D:14)
  3 deep elf death magi
  4 deep elf high priests (Elf:3)
  3 entropy weavers
  10 hydras
  The ghost of heinrich the Thaumaturge, a journeyman DjFE of Makhleb (D:13)
  6 ogre magi
  A spectral fenstrider witch (Swamp:2)
  3 jorogumos
  6 centaur warriors
  2 ironbound frosthearts (IceCv)
  3 radroaches
  5 vault guards (D:13)
  22 two-headed ogres
  4 alligators
  36 dancing weapons
  3 ghost crabs
  10 boulder beetles
  13 demonic crawlers
  7 death yaks
  2 orc high priests
  2 tengu warriors (D:14)
  An occultist (D:15)
  13 deep elf knights
  A spectral spriggan (Swamp:2)
  10 pharaoh ants
  3 skysharks (Elf:3)
  4 skeletal warriors
  5 goliath frogs
  3 sun moths
  A death drake (Swamp:3)
  9 swamp dragons
  3 spriggan druids
  10 bog bodies
  6 deep elf archers
  7 orb spiders
  3 lindwurms (Swamp:4)
  6 steelbarb worms
  A fenstrider witch simulacrum (Swamp:2)
  An arcanist (D:13)
  3 oklob plants (Lair:4)
  9 ugly things
  A will-o-the-wisp (Swamp:4)
  16 deep elf zephyrmancers
  15 cyclopes
  3 manticores
  35 wolf spiders
  An orc knight (D:15)
  20 deep elf pyromancers
  3 orc sorcerers
  3 moths of wrath
  10 black mambas
  A guardian serpent (Lair:5)
  22 elephants
  3 gargoyles (D:13)
  An ice statue (IceCv)
  21 cane toads
  A smoke demon (D:14)
  9 torpor snails
  3 unseen horrors
  2 rime drakes
  A torpor snail (shapeshifter) (D:15)
  7 freezing wraiths
  6 kobold demonologists
  A tengu conjurer (D:15)
  9 komodo dragons
  An ice devil (D:14)
  2 red devils (D:14)
  10 trolls
  2 spectral death drakes (Swamp:2)
  11 tyrant leeches
  A queen bee (shapeshifter) (D:15)
  12 polar bears
  6 meliai
  34 tarantellas
  22 blink frogs
  7 hornets
  5 dream sheep (Lair:4)
  27 jumping spiders
  2 shadows
  3 spriggans
  25 culicivoras
  4 slime creatures
  3 vampires
  16 wyverns
  10 water elementals
  5 air elementals
  2 wraiths
  2 humans (D:14)
  55 yaks
  6 basilisks
  2 chaos spawn (D:14)
  55 redbacks
  5 fire elementals
  9 vampire mosquitoes
  A neqoxec (D:14)
  A steam dragon (D:4)
  22 swamp worms
  6 wargs
  3 death drake simulacra (Swamp:2)
  24 water moccasins
  Duvessa (D:4)
  5 acid dragons
  12 swamp drakes
  5 hell hounds (D:15)
  2 ice beasts
  2 black bears
  21 orc warriors
  2 spriggan simulacra (Swamp:2)
  29 ogres
  12 centaurs
  30 wolves
  A kobold brigand (D:9)
  2 elf zombies (Ossuary)
  7 bullfrogs
  4 necrophages (Swamp:3)
  3 scorpions
  2 gnoll sergeants
  3 earth elementals
  4 cyclops zombies (Orc:1)
  4 wights (D:4)
  Dowan (D:4)
  17 killer bees
  6 electric eels
  2 howler monkeys
  3 centaur zombies (Ossuary)
  2 hounds (D:5)
  8 human zombies
  A jelly (D:4)
  13 orc priests
  An iguana (D:4)
  7 hell rats (Lair:1)
  23 orc wizards
  3 mummies (Ossuary)
  4 gnolls (D:13)
  5 adders
  14 river rats (Lair:1)
  A shadow imp (D:8)
  14 white imps
  2 worms
  6 dart slugs
  92 orcs
  5 endoplasms
  2 giant cockroaches
  6 goblins
  8 hobgoblins
  6 jackals
  9 quokkas
  5 ball pythons
  3 bats
  4 frilled lizards
  A jackal zombie (D:6)
  11 kobolds
  14 rats
  A spectral orc (D:7)
1366 creatures vanquished.

Vanquished Creatures (others)
  A skyshark (Elf:3)
  A deep elf pyromancer (Elf:2)
  An air elemental (Elf:2)
  A spriggan (Swamp:3)
  A human (D:14)
5 creatures vanquished.

Grand Total: 1371 creatures vanquished

Notes
Turn   | Place    | Note
-------+----------+-------------------------------------------
     0 | D:1      | Turgor the Draconian Shapeshifter began the quest for the
                  | Orb.
     0 | D:1      | Reached XP level 1. HP: 16/16 MP: 1/1
   116 | D:1      | Reached XP level 2. HP: 10/23 MP: 2/2
   435 | D:1      | Reached XP level 3. HP: 26/29 MP: 3/3
  1561 | D:3      | Found Egidd's Magic Scroll Boutique.
  1566 | D:3      | Bought a scroll of identify for 28 gold pieces
  1566 | D:3      | Bought a scroll of identify for 28 gold pieces
  1629 | D:3      | Found Jexy's Armour Shoppe.
  1764 | D:3      | Reached XP level 4. HP: 36/36 MP: 4/4
  1827 | D:3      | Found Bepeur's Armour Boutique.
  2020 | D:3      | Reached skill level 4 in Shapeshifting
  2265 | D:3      | Found Yhollisa's Armour Emporium.
  2318 | D:4      | Noticed a scorpion
  2327 | D:4      | Noticed an ogre
  2327 | D:4      | Noticed an ogre
  2341 | D:4      | Killed an ogre
  2342 | D:4      | Reached skill level 1 in Poison Magic
  2342 | D:4      | Reached XP level 5. HP: 42/42 MP: 4/6
  2366 | D:4      | Learned a level 4 spell: Olgreb's Toxic Radiance
  2391 | D:4      | Reached skill level 1 in Spellcasting
  2391 | D:4      | Reached XP level 6. HP: 49/50 MP: 7/7
  2712 | D:4      | Your scales start taking on a dull iron-grey colour.
  2712 | D:4      | Reached XP level 7. HP: 33/57 MP: 9/9
  2768 | D:4      | Noticed a steam dragon
  2782 | D:4      | Killed a steam dragon
  2783 | D:4      | Reached skill level 5 in Shapeshifting
  3144 | D:4      | Found Assi's Magic Scroll Shoppe.
  3148 | D:4      | Bought a scroll of blinking for 75 gold pieces
  3212 | D:4      | Noticed Duvessa
  3212 | D:4      | Noticed Dowan
  3250 | D:4      | Killed Duvessa
  3251 | D:4      | Reached XP level 8. HP: 32/66 MP: 11/11
  3335 | D:5      | Entered Level 5 of the Dungeon
  3451 | D:5      | Found a snail-covered altar of Cheibriados.
  3603 | D:4      | Killed Dowan
  3747 | D:5      | Reached skill level 5 in Unarmed Combat
  3747 | D:5      | Reached skill level 6 in Shapeshifting
  3861 | D:5      | Found Nivink's Specific Store.
  3865 | D:5      | Found Wiusiotz's General Store.
  3869 | D:5      | Bought a potion of curing for 39 gold pieces
  4109 | D:6      | Found a staircase to the Ecumenical Temple.
  4136 | Temple   | Entered the Ecumenical Temple
  4144 | Temple   | Became a worshipper of the Wu Jian Council
  4287 | D:6      | Found Zaosath's Antique Armour Boutique.
  4353 | D:6      | Found a sand-covered staircase.
  4372 | Ossuary  | Entered an ossuary
  4408 | Ossuary  | Reached skill level 5 in Fighting
  4436 | Ossuary  | Reached XP level 9. HP: 69/74 MP: 13/13
  4444 | Ossuary  | Reached * piety under Wu Jian
  4612 | D:6      | Found Vuablir's Antique Weapon Emporium.
  4624 | D:6      | Found Duuti's Armour Shop.
  4636 | D:6      | Reached skill level 7 in Shapeshifting
  5167 | D:7      | Reached skill level 5 in Dodging
  5233 | D:7      | Found Ituf's Jewellery Shop.
  5400 | D:7      | Found a basalt altar of Yredelemnul.
  5819 | D:7      | You fall into a shaft and drop 2 floors!
  5829 | D:8      | Noticed a cyclops
  5840 | D:8      | Killed a cyclops
  5896 | D:8      | Noticed a kobold demonologist
  5917 | D:8      | Killed a kobold demonologist
  5918 | D:8      | Reached skill level 8 in Shapeshifting
  5994 | D:8      | Reached skill level 5 in Poison Magic
  5997 | D:8      | Reached ** piety under Wu Jian
  5998 | D:8      | Reached XP level 10. HP: 53/84 MP: 14/14
  6720 | D:8      | Learned a level 2 spell: Blink
  7318 | D:10     | Entered Level 10 of the Dungeon
  7406 | D:10     | HP: 4/84 [something (19)]
  7412 | D:10     | Noticed a centaur warrior
  7429 | D:10     | Killed a centaur warrior
  7543 | D:10     | Found a staircase to the Lair.
  7543 | D:10     | Noticed an elephant
  7587 | D:10     | Noticed a two-headed ogre
  7623 | D:10     | Found a stormy altar of Qazlal.
  7624 | D:10     | Found a white marble altar of Elyvilon.
  7684 | D:10     | Reached skill level 9 in Shapeshifting
  7690 | D:10     | Killed a two-headed ogre
  7745 | D:10     | Noticed a skeletal warrior
  8242 | D:3      | Bought a +2 pair of boots for 165 gold pieces
  8377 | D:9      | Killed a skeletal warrior
  8478 | D:10     | Reached XP level 11. HP: 92/92 MP: 15/15
  9218 | D:11     | Reached *** piety under Wu Jian
  9239 | D:11     | Found a radiant altar of Vehumet.
  9288 | D:11     | Reached skill level 10 in Shapeshifting
 10265 | D:12     | Found a staircase to the Orcish Mines.
 10473 | D:12     | Noticed a boulder beetle
 10505 | D:12     | Killed a boulder beetle
 10505 | D:12     | Reached **** piety under Wu Jian
 10533 | D:12     | Noticed a deep elf pyromancer
 10542 | D:12     | Killed a deep elf pyromancer
 10747 | Lair:1   | Entered Level 1 of the Lair of Beasts
 10824 | Lair:1   | Reached XP level 12. HP: 103/103 MP: 16/16
 10857 | Lair:1   | Reached skill level 11 in Shapeshifting
 10875 | Lair:1   | Identified the +2 morningstar of Defiance {drain, rF+}
 11436 | Lair:1   | Reached ***** piety under Wu Jian
 11981 | Lair:2   | Found a frozen archway.
 11990 | Lair:2   | Reached skill level 5 in Spellcasting
 12024 | IceCv    | Entered an ice cave
 12114 | IceCv    | Identified the +5 ice dragon scales of Buoxeufa {rElec rF-
                  | rC++}
 12492 | IceCv    | Identified the +7 whip of Slow Death {freeze, rPois rC+ rN+
                  | MP-9}
 12556 | IceCv    | Reached XP level 13. HP: 112/112 MP: 21/21
 12556 | IceCv    | Reached skill level 10 in Fighting
 12556 | IceCv    | Reached skill level 12 in Shapeshifting
 12556 | IceCv    | Reached XP level 14. HP: 121/121 MP: 22/22
 12958 | IceCv    | Reached skill level 10 in Unarmed Combat
 13447 | D:3      | Bought a +0 cloak of poison resistance for 93 gold pieces
 13447 | D:3      | Bought the +3 Mad Mage's Maulers {Infuse+∞ VampMP -Cast}
                  | for 440 gold pieces
 13447 | D:3      | Found the +3 Mad Mage's Maulers {Infuse+∞ VampMP -Cast}
 14114 | Lair:2   | Reached skill level 13 in Shapeshifting
 14394 | Lair:3   | Reached skill level 1 in Shields
 14754 | Lair:3   | Found a hole to the Spider Nest.
 14830 | Lair:3   | Identified 3 scrolls of acquirement
 14832 | Lair:3   | Acquired the +2 pair of boots of Indomitability {rF+ Will+
                  | Stlth+}
 14844 | Lair:3   | Acquired the amulet "Opto" {RegenMP rC++ Regen+ Int+2
                  | Dex-2}
 14856 | Lair:3   | Acquired a ring of see invisible
 14972 | Lair:3   | Found a staircase to the Swamp.
 15669 | Lair:4   | Reached skill level 10 in Dodging
 15687 | Lair:4   | Learned a level 8 spell: Lehudib's Crystal Spear
 15692 | Lair:4   | Learned a level 4 spell: Passage of Golubria
 15695 | Lair:4   | Learned a level 2 spell: Sublimation of Blood
 16149 | Lair:4   | Reached ****** piety under Wu Jian
 16256 | Lair:4   | Found a viscous altar of Jiyva.
 16259 | Lair:4   | Found a staircase to the Slime Pits.
 16549 | Lair:5   | Entered Level 5 of the Lair of Beasts
 16807 | Lair:5   | Reached XP level 15. HP: 121/130 MP: 2/24
 16986 | Lair:5   | Reached skill level 5 in Shields
 17161 | Lair:5   | Reached skill level 14 in Shapeshifting
 17209 | Lair:5   | Identified the +3 dire flail "Yddoceng" {flame, rElec rN+
                  | Dex-3}
 17460 | Lair:5   | Identified the +0 robe "Wygyici" {rF+ Will- Int+2 Stlth+}
 18021 | Orc:1    | Entered Level 1 of the Orcish Mines
 18424 | Orc:1    | Found a burning altar of Makhleb.
 18994 | Orc:1    | Reached skill level 15 in Shapeshifting
 19067 | Orc:1    | Identified the +9 whip of the Dark Horse {elec, *Rage rElec
                  | rN+ Int+2}
 19139 | Orc:1    | Learned a level 4 spell: Petrify
 19254 | Orc:2    | Entered Level 2 of the Orcish Mines
 19344 | Orc:2    | Reached skill level 1 in Earth Magic
 19468 | Orc:2    | Found Hiamui's Antique Armour Shop.
 19471 | Orc:2    | Reached XP level 16. HP: 138/141 MP: 3/25
 19475 | Orc:2    | Found Eseu's Jewellery Emporium.
 19475 | Orc:2    | Found Ogezuxib's Book Boutique.
 19475 | Orc:2    | Found Teusix's Distillery.
 19536 | Orc:2    | Bought the ring "Joub" {rF+ Will+ MP+9 Str+3 Stlth+} for
                  | 535 gold pieces
 19540 | Orc:2    | Bought a potion of curing for 48 gold pieces
 19540 | Orc:2    | Bought a potion of heal wounds for 80 gold pieces
 19540 | Orc:2    | Bought a potion of heal wounds for 80 gold pieces
 19724 | Orc:2    | Found a staircase to the Elven Halls.
 20282 | D:13     | Found a runed translucent gate.
 20282 | D:13     | Found a runed translucent gate.
 20283 | D:13     | Found a runed translucent gate.
 20287 | D:13     | Noticed heinrich's ghost (journeyman DjFE)
 20323 | D:13     | Killed heinrich's ghost
 20557 | D:13     | Learned a level 3 spell: Mephitic Cloud
 20781 | D:13     | Identified the +0 leather armour of Vanity {*Corrode Int+4}
 20785 | D:13     | Reached skill level 1 in Conjurations
 20861 | D:13     | Found a gate to the Vaults.
 21390 | D:14     | Noticed Snorg
 21410 | D:14     | Killed Snorg
 21524 | D:14     | Identified the +11 arbalest of the Foremost Moons {heavy,
                  | Fly rPois rF+ SInv}
 21674 | D:14     | Reached skill level 5 in Earth Magic
 22408 | D:14     | Gained mutation: You are weak. (Str -2) [a neqoxec]
 22561 | D:14     | Identified the +3 leather armour "Pycuelaf" {Rampage Str+2}
 22663 | D:14     | Found a burning altar of Makhleb.
 22686 | D:14     | Identified the +1 pair of boots "Sanwuuf" {Rampage rC+++
                  | rN+ Int-2}
 22689 | D:14     | Identified the staff "Reusothe" {Fly rN+ Str+5 Necro Tmut}
 22849 | D:14     | Identified the +6 demon trident "Cookie Cutter" {venom,
                  | rElec rN++ Int-3 Dex+3}
 23035 | D:15     | Entered Level 15 of the Dungeon
 23052 | D:15     | Noticed Azrael
 23074 | D:15     | Killed Azrael
 23484 | D:15     | Found Zaomn's Distillery.
 23494 | D:15     | Bought a potion of curing for 39 gold pieces
 23494 | D:15     | Bought a potion of brilliance for 52 gold pieces
 23494 | D:15     | Bought a potion of cancellation for 104 gold pieces
 23494 | D:15     | Bought a potion of brilliance for 52 gold pieces
 23494 | D:15     | Bought 2 potions of heal wounds for 130 gold pieces
 23494 | D:15     | Bought a potion of curing for 39 gold pieces
 23494 | D:15     | Bought a potion of cancellation for 104 gold pieces
 23494 | D:15     | Bought a potion of mutation for 104 gold pieces
 23494 | D:15     | Lost mutation: You are weak. (Str -2) [potion of mutation]
 23494 | D:15     | Gained mutation: You are vulnerable to cold. (rC-) [potion
                  | of mutation]
 23495 | D:15     | Lost mutation: You are vulnerable to cold. (rC-) [potion of
                  | mutation]
 23495 | D:15     | Gained mutation: Your tail ends in a venomous barb. [potion
                  | of mutation]
 23495 | D:15     | Gained mutation: Your mind is acute. (Int +4, Str/Dex -1)
                  | [potion of mutation]
 23548 | D:15     | Found a staircase to the Depths.
 24028 | D:15     | Found a glowing golden altar of the Shining One.
 24028 | D:15     | Found a glowing silver altar of Zin.
 24029 | D:15     | Found a white marble altar of Elyvilon.
 24234 | Spider:1 | Entered Level 1 of the Spider Nest
 24245 | Spider:1 | Noticed Donald
 24282 | Spider:1 | Killed Donald
 24285 | Spider:1 | Reached XP level 17. HP: 152/152 MP: 0/26
 24595 | Spider:1 | Identified the orb of Xiedun {*Rage, rF- Int-4 Dex+8 SInv}
 24755 | Spider:1 | Identified the +4 war axe "Xaerin" {vamp, *Slow rF+++ rC-
                  | rN+}
 24826 | Spider:1 | Noticed Asterion
 24838 | Spider:1 | Killed Asterion
 24843 | Spider:1 | Reached skill level 5 in Conjurations
 24843 | Spider:1 | Noticed Louise
 24957 | Spider:1 | Killed Louise
 25073 | Spider:2 | Reached skill level 16 in Shapeshifting
 27194 | Spider:3 | Learned a level 3 spell: Stone Arrow
 27431 | Spider:3 | Reached XP level 18. HP: 162/162 MP: 28/28
 27768 | Spider:3 | Learned a level 1 spell: Apportation
 28031 | Spider:4 | Entered Level 4 of the Spider Nest
 28100 | Spider:4 | Reached skill level 15 in Fighting
 28276 | Spider:4 | Noticed Arachne
 28295 | Spider:4 | Killed Arachne
 29703 | Spider:4 | Got a gossamer rune of Zot
 29991 | Swamp:1  | Entered Level 1 of the Swamp
 30056 | Swamp:1  | Noticed Mlioglotl
 30091 | Swamp:1  | Killed Mlioglotl
 30570 | Swamp:2  | Found a runed translucent gate.
 30570 | Swamp:2  | Found a runed translucent gate.
 30570 | Swamp:2  | Found a runed translucent gate.
 30571 | Swamp:2  | Noticed popps's ghost (adept MiBe)
 30734 | Swamp:2  | Reached skill level 17 in Shapeshifting
 31148 | Swamp:2  | Killed popps's ghost
 31270 | Swamp:3  | Noticed Jorgrun
 31502 | Swamp:3  | Reached XP level 19. HP: 132/171 MP: 29/29
 31775 | Swamp:4  | Entered Level 4 of the Swamp
 32221 | Swamp:4  | Killed Jorgrun
 32451 | Swamp:4  | Got a decaying rune of Zot
 32945 | Desolati | Identified the "Ywkymihe"
 32945 | Desolati | Identified the of Muubisoc
 32945 | Desolati | Identified the "Task"
 32945 | Desolati | Identified the "Funk"
 32945 | WizLab   | Identified the "Boapylio"
 32945 | Vaults:5 | Identified the "Gioklaych"
 32945 | Vaults:5 | Identified the of Wualixubb
 32945 | Crypt:3  | Identified the "Lehirph"
 32945 | Elf:1    | Entered Level 1 of the Elven Halls
 32951 | Elf:1    | Reached skill level 10 in Earth Magic
 32988 | Elf:1    | Paralysed by an air elemental for 1 turns
 33192 | Elf:1    | You fall into a shaft and drop 1 floor!
 33192 | Elf:2    | Found Iczorroi's Weapon Emporium.
 33222 | Elf:2    | Reached skill level 10 in Conjurations
 33329 | Elf:2    | Paralysed by an air elemental for 1 turns
 33333 | Elf:2    | Paralysed by an air elemental for 1 turns
 33370 | Elf:1    | Found Keug's Jewellery Boutique.
 34061 | Elf:2    | Learned a level 3 spell: Ignite Poison
 34092 | Elf:2    | Reached skill level 15 in Unarmed Combat
 34163 | Elf:2    | Found a runed translucent gate.
 34163 | Elf:2    | Found a runed translucent gate.
 34163 | Elf:2    | Found a runed translucent gate.
 34166 | Elf:2    | Noticed AceOff's ghost (journeyman DsSh)
 34455 | Elf:2    | Reached skill level 1 in Transmutations
 34459 | Elf:2    | Reached skill level 1 in Fire Magic
 34527 | Elf:2    | Found a runed translucent gate.
 34527 | Elf:2    | Found a runed translucent gate.
 34527 | Elf:2    | Found a runed translucent gate.
 35639 | Elf:3    | Identified the "Urod Ronk"
 35639 | Elf:3    | Identified the of Vyimum
 35639 | Elf:3    | Entered Level 3 of the Elven Halls
 35716 | Elf:3    | Noticed Norris
 35724 | Elf:3    | Reached skill level 18 in Shapeshifting
 35735 | Elf:3    | Killed Norris
 36274 | Elf:3    | Reached XP level 20. HP: 167/180 MP: 33/33
 36338 | Elf:3    | Gained mutation: You are vulnerable to cold. (rC-) [a
                  | cacodemon]
 36348 | Elf:3    | Lost mutation: Your mind is acute. (Int +4, Str/Dex -1)
                  | [potion of mutation]
 36348 | Elf:3    | Lost mutation: Your tail ends in a venomous barb. [potion
                  | of mutation]
 36348 | Elf:3    | Gained mutation: Your skin changes colour to match your
                  | surroundings (Stealth+). [potion of mutation]
 36348 | Elf:3    | Gained mutation: You are dopey. (Int -2) [potion of
                  | mutation]
 36349 | Elf:3    | Lost mutation: Your skin changes colour to match your
                  | surroundings (Stealth+). [potion of mutation]
 36349 | Elf:3    | Lost mutation: You are vulnerable to cold. (rC-) [potion of
                  | mutation]
 36349 | Elf:3    | Lost mutation: You are dopey. (Int -2) [potion of mutation]
 36349 | Elf:3    | Gained mutation: You occasionally shout uncontrollably at
                  | your foes. [potion of mutation]
 36349 | Elf:3    | Gained mutation: You are vulnerable to cold. (rC-) [potion
                  | of mutation]
 36349 | Elf:3    | Gained mutation: You are dopey. (Int -2) [potion of
                  | mutation]
 36350 | Elf:3    | Lost mutation: You are vulnerable to cold. (rC-) [potion of
                  | mutation]
 36350 | Elf:3    | Lost mutation: You are dopey. (Int -2) [potion of mutation]
 36350 | Elf:3    | Lost mutation: You occasionally shout uncontrollably at
                  | your foes. [potion of mutation]
 36350 | Elf:3    | Gained mutation: Your body sometimes deteriorates upon
                  | taking damage. [potion of mutation]
 36350 | Elf:3    | Gained mutation: You have large cloven feet. [potion of
                  | mutation]
 36350 | Elf:3    | Gained mutation: Your body often deteriorates upon taking
                  | damage. [potion of mutation]
 36436 | Orc:2    | Bought a potion of mutation for 128 gold pieces
 36436 | Orc:2    | Bought a potion of mutation for 128 gold pieces
 36436 | Orc:2    | Lost mutation: You have large cloven feet. [potion of
                  | mutation]
 36436 | Orc:2    | Lost mutation: Your body often deteriorates upon taking
                  | damage. [potion of mutation]
 36436 | Orc:2    | Gained mutation: You expend magic power (3 MP) to
                  | strengthen your wands. [potion of mutation]
 36695 | Elf:3    | Paralysed by an air elemental for 1 turns
 36723 | Elf:3    | Identified the +8 scale mail of the Volcano {rN+ Int+4}
 36847 | Elf:3    | Paralysed by an air elemental for 1 turns
 36913 | Elf:3    | Lost mutation: You expend magic power (3 MP) to strengthen
                  | your wands. [potion of mutation]
 36913 | Elf:3    | Lost mutation: Your body sometimes deteriorates upon taking
                  | damage. [potion of mutation]
 36913 | Elf:3    | Gained mutation: You have a pair of small antennae on your
                  | head. [potion of mutation]
 36913 | Elf:3    | Gained mutation: You are weak. (Str -2) [potion of
                  | mutation]
 36913 | Elf:3    | Gained mutation: You sometimes lose your temper in combat.
                  | [potion of mutation]
 36913 | Elf:3    | Gained mutation: Your tail ends in a venomous barb. [potion
                  | of mutation]
 36921 | Elf:3    | Identified the +10 mace of Duty {freeze, Str+6}
 37060 | Elf:3    | Identified the ring "Xaumehyr" {rN+ Stlth+}
 37087 | Elf:3    | Hit by a stone thrown by a deep elf master archer

Illustrated notes

Levels and vault maps discovered:
D:1:      saegor_arrival_under_anarchy, layout_basic, minmay_tetromino_t2
D:2:      layout_basic, chequers_serial_rivers_small_3,
          small_statue_intersection
D:3:      layout_basic, serial_shops, nicolae_shop_back_alley_shop, shop_statue,
          nicolae_shop_tiny_glass, shop
D:4:      layout_basic, serial_shops, shop, minmay_misc_feat_diagonals,
          uniq_duvessa
D:5:      layout_cave_pools, lemuel_crystal_altar, nicolae_specific_store
D:6:      nicolae_cairo_tiling, layout_basic, minmay_temple_entry_antechambers,
          serial_shops, shop, shop, nicolae_shop_real_fake_doors,
          enter_ossuary_3
D:7:      layout_loops_corners, yredelemnul_forgotten_temple_becter,
          serial_shops, nicolae_diamond_shop, kennysheep_decorative_pillar,
          kennysheep_path_1
D:8:      layout_cave_pods
D:9:      layout_rooms
D:10:     layout_rooms, gammafunk_temple_overflow_statue, david_lair_generic,
          minmay_fractal_squares_gapless_7
D:11:     layout_long_grid, vehumet_crystals
D:12:     layout_cave_pools, erik_orc_1, kennysheep_generic_room_4
D:13:     layout_loops_ring, grunt_vaults_entry_fortified,
          gammafunk_ghost_spectres
D:14:     evilmike_makhleb_hellhole, layout_basic, reono_crystal_passage,
          serial_bayou_ford_a, kennysheep_generic_room_10, uniq_snorg
D:15:     grunt_enter_depths_giant_problem, layout_basic, good_gods_temple_1,
          serial_shops, nicolae_shop_industrial_runoff, serial_bayou_lake_a,
          uniq_azrael
Temple:   nicolae_temple_two_arcs
Lair:1:   lemuel_ratsnest, layout_loops_ring, grunt_megastairs_3
Lair:2:   layout_roguey, portal_ice_cave_entry_imps, lemuel_another_geyser,
          infiniplex_staircase_pool
Lair:3:   layout_roguey, mainiacjoe_swamp_entry_lozenge_pond,
          spider_nest_entry_web_field
Lair:4:   layout_cave_pods, minmay_slime_entry_oklob_open,
          nicolae_quartered_pool_super, chequers_serial_rivers_small_b,
          st_stairs_3, serial_bayou_shore_a
Lair:5:   hangedman_lair_tendril_chambers, layout_gridlike
Swamp:1:  layout_basic_swamp, evilmike_swamp_ruin_house_4,
          nicolae_swamp_long_stream, uniq_mlioglotl
Swamp:2:  layout_falls_marsh, gammafunk_ghost_necromancy, serial_swamp_ruin,
          evilmike_swamp_ruin_rubble_2, evilmike_swamp_ruin_house_1,
          swamp_pool_1_2
Swamp:3:  layout_basic_swamp, evilmike_swamp_ruin_house_2, swamp_pool_5,
          hangedman_swamp_ravenous, uniq_jorgrun
Swamp:4:  swamp_alternative, layout_basic_swamp
Spider:1: nicolae_spider_mines_3, nicolae_spider_baby_got_redback, uniq_louise,
          uniq_asterion, uniq_donald
Spider:2: layout_chambers, nicolae_spider_eight_legs
Spider:3: nicolae_spider_hilbert_zone_1 [nicolae_spider_hilbert_4_sides_1_open,
          nicolae_spider_hilbert_4_sides_1_open,
          nicolae_spider_hilbert_4_sides_1_open,
          nicolae_spider_hilbert_4_sides_1_open,
          nicolae_spider_hilbert_3_sides_1_open,
          nicolae_spider_hilbert_3_sides_1_open,
          nicolae_spider_hilbert_3_sides_1_open,
          nicolae_spider_hilbert_3_sides_1_open,
          nicolae_spider_hilbert_3_sides_1_open,
          nicolae_spider_hilbert_6_sides_1_open,
          nicolae_spider_hilbert_6_sides_1_open,
          nicolae_spider_hilbert_3_sides_1_open,
          nicolae_spider_hilbert_3_sides_1_open,
          nicolae_spider_hilbert_3_sides_1_open,
          nicolae_spider_hilbert_3_sides_1_open,
          nicolae_spider_hilbert_2_sides_1_open]
Spider:4: guppyfry_spider_rune, uniq_arachne
Orc:1:    giant_chief_lemuel, layout_caves, basic_altar
Orc:2:    st_orc_ogre_mass, layout_caves, rock_pile
Elf:1:    layout_geoelf_grid, serial_shops, shop, hangedman_corner_corridor
Elf:2:    nicolae_elf_blades_splatter_lattice [nicolae_blade_bullseye],
          layout_geoelf_diagonals, gammafunk_ghost_tricky_traps, serial_shops,
          shop, minivault_5, library_closet
Elf:3:    minmay_elf_hall_quartered_circle, layout_geoelf_octagon, uniq_norris

Skill      XL: |  1  2  3  4  5  6  7  8  9 10 11 12 13 14 15 16 17 18 19 20 |
---------------+-------------------------------------------------------------+-----
Dodging        | 2 3 4 5 6 7 8 9 10 11 12 13 14 | 14.0
Fighting       | 2 3 4 5 6 7 8 9 10 11 12 14 15 | 15.8
Shapeshifting  | 4 5 6 8 9 10 11 12 13 15 16 17 18 | 18.2
Poison Magic   | 1 2 3 5 6 7 9 |  9.0
Spellcasting   | 1 2 3 5 6 7 9 |  9.0
Unarmed Combat | 4 5 6 7 8 9 10 12 13 14 15 | 15.1
Shields        | 4 5 |  5.0
Earth Magic    | 2 6 9 10 11 | 11.1
Conjurations   | 4 6 9 10 | 10.7
Transmutations | 3 4 |  4.8
Fire Magic     | 3 4 |  4.8

Action                     |  1- 3 |  4- 6 |  7- 9 | 10-12 | 13-15 | 16-18 | 19-21 || total
---------------------------+-------+-------+-------+-------+-------+-------+-------++-------
  Melee: Unarmed           |   133 |   118 |   454 |  1008 |   847 |  1382 |   574 ||  4516
         Tailslap          |    18 |    16 |    69 |   206 |   151 |   239 |    92 ||   791
         Punch             |     3 |     2 |    12 |    55 |    13 |       |       ||    85
         Maw               |       |       |       |   270 |   335 |   528 |   163 ||  1296
         Whip              |       |       |       |       |    11 |       |       ||    11
  Throw: Dart              |       |       |       |     9 |    19 |     4 |     5 ||    37
   Cast: Olgreb's Toxic Ra |       |       |       |       |    54 |   257 |   102 ||   413
         Stone Arrow       |       |       |       |       |       |     8 |    13 ||    21
         Blink             |       |       |       |       |       |     1 |     2 ||     3
         Mephitic Cloud    |       |       |       |       |       |     1 |       ||     1
         Apportation       |       |       |       |       |       |       |     1 ||     1
         Ignite Poison     |       |       |       |       |       |       |    24 ||    24
 Invoke: Serpent's Lash    |       |       |       |       |     3 |     8 |     2 ||    13
         Heavenly Storm    |       |       |       |       |       |     2 |     1 ||     3
Ability: Lunge             |       |       |    10 |    45 |    70 |   102 |    52 ||   279
         Whirlwind         |       |       |     1 |    20 |    63 |   151 |    71 ||   306
         Wall Jump         |       |       |       |     6 |     9 |     4 |       ||    19
  Evoke: Wand              |       |       |     5 |    14 |     5 |    23 |     3 ||    50
         Lightning rod     |       |       |       |       |       |     9 |     7 ||    16
         Box of beasts     |       |       |       |       |       |     1 |     1 ||     2
         Phial of floods   |       |       |       |       |       |     2 |       ||     2
    Use: Scroll            |     4 |     1 |     3 |    22 |    14 |     5 |     7 ||    56
         Potion            |       |     1 |     1 |     8 |     4 |    12 |    13 ||    39
   Stab: Sleeping          |       |     1 |     2 |     3 |     3 |     5 |     5 ||    19
         Paralysed         |       |       |       |     6 |       |       |       ||     6
         Confused          |       |       |       |     2 |       |     4 |       ||     6
         Invisible         |       |       |       |       |     5 |     7 |       ||    12
         Distracted        |       |       |       |       |     1 |     6 |       ||     7
 Armour: Skin              |    68 |    59 |   226 |   693 |   353 |   959 |   429 ||  2787
  Dodge: Dodged            |    77 |    43 |   215 |   676 |   410 |   841 |   259 ||  2521
  Block: Buckler           |       |       |       |       |    82 |   312 |   103 ||   497
   Form: Flux              |       |       |     1 |     2 |       |       |       ||     3
         Maw               |       |       |       |     3 |       |       |       ||     3

Table legend: (Time is in decaauts)
 A = Elapsed time spent in this place.
 B = Non-inter-level travel time spent in this place.
 C = Inter-level travel time spent in this place.
 D = Time resting spent in this place.
 E = Time spent auto-exploring this place.
 F = Levels seen in this place.
 G = Mean time per level.
                   A        B        C        D        E       F      G
               +--------+--------+--------+--------+--------+-----+--------+
         Total |  36494 |  33610 |   2884 |   1951 |  17942 |  36 | 1013.7 |
       Dungeon |  15116 |  13658 |   1458 |    739 |   8167 |  15 | 1007.7 |
        Temple |     16 |     16 |      0 |      0 |      0 |   1 |   16.0 |
          Lair |   5880 |   5183 |    697 |    127 |   1691 |   5 | 1176.0 |
         Swamp |   2629 |   2532 |     97 |     15 |   1631 |   4 |  657.2 |
   Spider Nest |   5438 |   5175 |    263 |    398 |   3131 |   4 | 1359.5 |
  Orcish Mines |   2088 |   1928 |    160 |     65 |    815 |   2 | 1044.0 |
   Elven Halls |   4021 |   3814 |    207 |    412 |   2362 |   3 | 1340.3 |
       Ossuary |    191 |    191 |      0 |      0 |     14 |   1 |  191.0 |
      Ice Cave |   1111 |   1111 |      0 |    193 |    130 |   1 | 1111.0 |
               +--------+--------+--------+--------+--------+-----+--------+

Top non-repeatable levels by time:
   Elf:2: 1758 daAuts
Spider:3: 1620 daAuts
Spider:4: 1532 daAuts
Spider:2: 1524 daAuts
    D:14: 1429 daAuts
    D:13: 1377 daAuts
  Lair:1: 1365 daAuts
  Lair:4: 1333 daAuts
   Elf:3: 1274 daAuts
     D:7: 1272 daAuts
   Orc:1: 1258 daAuts
    D:10: 1256 daAuts
     D:4: 1209 daAuts
  Lair:3: 1172 daAuts
   IceCv: 1111 daAuts
